Map: Frost LE

Players

Fropez

  • Race: Protoss Protoss
  • League: Gold
  • Spawn Location: 11:00

Alien - Winner!

  • Race: Terran Terran
  • League: Silver
  • Spawn Location: 1:00

VOD

Have the link to the VOD?

Description

Time

  • Played on: Oct. 7, 2016, 11:36 a.m.
  • Length: 7:42
Show
View Real Time Build Order
Export as new Build Order

Fropez Protoss 

Build Orders:  

Get SALT Encoding   

  12  0:01  Probe (Chrono Boost)  
  13  0:15  Pylon  
  13  0:22  Probe (Chrono Boost)  
  14  0:34  Probe (Chrono Boost), Gateway  
  15  0:45  Probe (Chrono Boost)  
  16  0:54  Assimilator  
  16  0:56  Probe (Chrono Boost)  
  17  1:10  Pylon  
  17  1:11  Probe (Chrono Boost)  
  18  1:21  Probe (Chrono Boost)  
  19  1:28  Pylon  
  19  1:32  Probe (Chrono Boost)  
  20  1:34  Cybernetics Core  
  20  1:42  Probe (Chrono Boost)  
  20  1:45  Pylon  
  21  1:53  Probe (Chrono Boost)  
  22  1:54  Assimilator  
  22  2:11  Adept (Chrono Boost), Warp Gate  
  22  2:14  Probe  
  25  2:29  Pylon, Gateway  
  25  2:30  Probe  
  25  2:36  Adept (Chrono Boost)  
  28  2:42  Probe  
  29  2:55  Mothership Core  
  31  3:06  Pylon  
  31  3:08  Pylon  
  30  3:16  Probe  
  31  3:28  Adept (Chrono Boost)  
  31  3:32  Adept (Chrono Boost)  
  33  3:53  Adept (Chrono Boost)  
  37  3:59  Adept (Chrono Boost)  
  33  4:16  Adept (Chrono Boost)  
  30  5:04  Probe  
  31  5:16  Gateway  
  31  5:18  Gateway  
  31  5:20  Pylon, Probe  
  32  5:24  Pylon  
  32  5:32  Probe  
  32  5:34  Twilight Council  
  33  5:40  Forge, Gateway  
  33  5:43  Pylon  
  33  5:44  Probe  
  34  5:50  Nexus  
  34  5:52  Pylon  
  34  5:56  Probe  
  35  5:57  Robotics Facility  
  35  6:06  Adept  
  35  6:08  Adept, Probe  
  40  6:21  Probe  
  41  6:33  Probe  
  42  6:40  Stalker  
  42  6:45  Probe  
  45  6:47  Stalker  
  47  6:59  Stalker  
  49  7:02  Stalker  
  47  7:29  Stalker  
Show
View Real Time Build Order
Export as new Build Order

Alien Terran - Winner!

Build Orders:  

Get SALT Encoding   

  12  0:01  SCV  
  13  0:13  SCV  
  14  0:22  Supply Depot  
  14  0:25  SCV  
  15  0:45  Barracks  
  15  0:47  SCV  
  16  0:54  Barracks  
  16  0:59  SCV  
  17  1:05  Supply Depot  
  17  1:12  SCV  
  17  1:17  Refinery  
  18  1:32  Marine  
  19  1:40  SCV  
  19  1:41  Barracks  
  19  1:46  Marine  
  21  1:50  Marine  
  22  2:04  Marine  
  22  2:06  Orbital Command  
  22  2:07  Marine  
  24  2:09  Refinery  
  24  2:22  Marine  
  25  2:24  Supply Depot  
  25  2:25  Marine  
  26  2:32  Marine  
  27  2:40  Marine  
  27  2:43  Marine  
  29  2:48  SCV  
  29  2:50  Marine  
  31  2:58  Barracks Tech Lab  
  31  3:01  Marine  
  32  3:07  SCV  
  32  3:10  Supply Depot  
  32  3:11  Barracks Tech Lab  
  33  3:19  SCV  
  34  3:27  Factory  
  34  3:28  Barracks Reactor  
  34  3:29  Supply Depot  
  34  3:38  Marine  
  34  3:39  Marine  
  36  3:42  SCV  
  35  3:54  SCV  
  36  3:56  Marine x2  
  38  4:06  SCV  
  34  4:31  Marine x2  
  36  4:32  Marauder x2  
  34  4:54  Marauder x2  
  37  5:13  Marine x2, Command Center  
  39  5:15  Supply Depot, Marauder x2  
  39  5:18  Widow Mine  
  45  5:31  Marine x2, Starport  
  47  5:39  Supply Depot  
  47  6:00  Marauder x2  
  47  6:01  Marine x2  
  53  6:04  SCV  
  53  6:08  Widow Mine  
  56  6:13  Medivac  
  56  6:16  SCV  
  59  6:19  Marine x2  
  59  6:21  Marauder x2  
  65  6:37  Widow Mine  
  65  6:39  Marine x2  
  68  6:43  SCV, Marauder x2, Medivac  
  68  6:47  SCV  
  76  6:57  Marine x2  
  78  7:04  Marauder x2  
Tags
 
Matchup
PvT
Replay Pack
All Mines
Spawn Locations
Close Positions
Add a new tag
Caveats
  • Supply blocks, unpowered buildings, or Contaminate may cause inaccurate times.
  • Supply counts are checked every 10 seconds.